 Dungeon Crawl Stone Soup version 0.20.0-15-g7f486f2 (webtiles) character file.

10227 NoAnimeNoLife the Stickfighter (level 11, -6/123 HPs)
             Began as a Minotaur Gladiator on June 13, 2017.
             Was a High Priest of Okawaru.
             Killed by divine providence
             ... invoked by an orc priest
              (12 damage)
             ... on level 10 of the Dungeon.
             The game lasted 00:19:40 (11084 turns).

NoAnimeNoLife the Stickfighter (MiGl)              Turns: 11084, Time: 00:19:41

Health: -6/123     AC: 12    Str: 25    XL:     11   Next: 33%
Magic:  10/12      EV:  7    Int:  5    God:    Okawaru [*****.]
Gold:   462        SH:  0    Dex: 14    Spells: 10/10 levels left

rFire    . . .     SeeInvis .   a - +0 quarterstaff
rCold    . . .     Gourm    .   (shield currently unavailable)
rNeg     . . .     Faith    .   l - +0 plate armour
rPois    +         Spirit   .   c - +2 hat
rElec    +         Reflect  .   D - scarf of Romuqar {+Inv rElec rPois}
rCorr    .         Harm     .   (no gloves)
MR       .....                  (no boots)
Stlth    ..........             (no amulet)
Regen    0.3/turn               (no ring)
MPRegen  0.2/turn               (no ring)

@: berserking (expiring), heavily drained, very quick
A: retaliatory headbutt, horns 2, high mp 1, sense surroundings 1, wild magic 1
a: Heroism, Finesse, Renounce Religion, Evoke Invisibility


You were on level 10 of the Dungeon.
You worshipped Okawaru.
Okawaru was extremely pleased with you.
You were not hungry.

You visited 2 branches of the dungeon, and saw 11 of its levels.
You also visited: Ossuary.

You collected 854 gold pieces.
You spent 392 gold pieces at shops.

Inventory:

Hand Weapons
 a - a +0 quarterstaff (weapon)
Missiles
 d - 4 throwing nets (quivered)
Armour
 b - a +0 leather armour
 c - a +2 hat (worn)
 l - a +0 plate armour (worn)
 D - the scarf of Romuqar (worn) {+Inv rElec rPois}
   (You bought it in a shop on level 8 of the Dungeon)

   It insulates you from electricity.
   It protects you from poison.
   It lets you turn invisible.
Jewellery
 C - an uncursed ring of magical power {unknown}
 E - a cursed -3 ring of strength {unknown}
Wands
 j - a wand of random effects (14/48)
 m - a wand of flame (35/48)
 v - a wand of random effects (26/48)
 x - a wand of flame (27/48)
 F - a wand of iceblast (12/15)
 J - a wand of flame (20/48)
Scrolls
 h - 8 scrolls of identify
 i - 3 scrolls of enchant armour
 r - 3 scrolls of amnesia
 s - a scroll of magic mapping {unknown}
 u - a scroll of noise {unknown}
 w - 3 scrolls of recharging
 y - a scroll of remove curse
 z - a scroll of teleportation {unknown}
 A - a scroll of blinking {unknown}
 I - a scroll of acquirement {unknown}
Potions
 k - 3 potions of flight
 n - a potion of haste
 t - a potion of curing
Books
 q - a book of Conjurations

   Spells                             Type                      Level
   a - Magic Dart                     Conjuration                  1
   b - Searing Ray                    Conjuration                  2
   c - Dazzling Spray                 Conjuration/Hexes            3
   d - Fulminant Prism                Conjuration/Hexes            4
   e - Force Lance                    Conjuration/Translocation    4
   f - Iskenderun's Mystic Blast      Conjuration                  4
 B - a book of Frost

   Spells                             Type                      Level
   a - Freeze                         Ice                          1
   b - Throw Frost                    Conjuration/Ice              2
   c - Ozocubu's Armour               Charms/Ice                   3
   d - Throw Icicle                   Conjuration/Ice              4
   e - Summon Ice Beast               Ice/Summoning                4
Comestibles
 f - 11 bread rations
 g - 6 meat rations
 G - 3 royal jellies
 H - a fruit


   Skills:
 + Level 3.2(1.7) Fighting
 + Level 19.3(17.2) Staves
 - Level 2.0(0.6) Throwing
 + Level 1.4(0.1) Armour
 + Level 3.5(2.1) Dodging
 + Level 1.1(0.0) Invocations


You had 10 spell levels left.
You didn't know any spells.

Dungeon Overview and Level Annotations

Branches:
Dungeon (10/15)            Temple (1/1) D:5             Orc (0/2) D:10
   Lair: D:8-11

Altars:
Ashenzari
Cheibriados
Dithmenos
Elyvilon
Fedhas
Gozag
Hepliaklqana
Kikubaaqudgha
Makhleb
Nemelex Xobeh
Okawaru
Qazlal
Ru
Sif Muna
Trog
Uskayaw
Vehumet
Xom
Yredelemnul
Zin
The Shining One

Shops:
D:8 [

Portals:
Trove: D:10 (give 6 scrolls of blinking)


Innate Abilities, Weirdness & Mutations

You reflexively headbutt those who attack you in melee.
You have a pair of horns on your head.
You have an increased reservoir of magic. (+10% MP)
You passively map a small area around you.
Your spells are a little harder to cast, but a little more powerful.


Message History

a whip; a chain mail; an orc corpse You bludgeon the orc skeleton!!
You destroy the orc skeleton!
The orc zombie hits you but does no damage.
You feel a strong urge to attack something.
You feel like a meek peon again.
You sock the orc zombie!
You destroy the orc zombie!
The orc zombie completely misses you. You furiously retaliate!
You headbutt the orc zombie!
You destroy the orc zombie!
You feel a strong urge to attack something.
The goblin skeleton closely misses you.
Things that are here:
a whip; a chain mail; an orc corpse You thump the goblin skeleton!
You destroy the goblin skeleton!
The orc priest mumbles some strange prayers to Beogh against you.
Beogh smites you!
You die...

.....>%....8.Z# #.######
.............Z# #.......
,...........Z#o#
#.######
..........ZZ#.###.######
..ZZZ8......#Z..........
#.o.ZZ#####...########
#o#o# *#...## # #ZZ.#
##.##..# # ,###@#
#.#*#.#.### # # * #.#
#.# #.#... ,,. #.###.#
#.###.#.### # #.....#
#..##..#*
####..###.#...##
###.......:..#
#.....##.##.##
########.#.#.##.##.#
#.............#.##.#


You could see an orc priest, 2 orcs, 2 goblin zombies, 2 orc zombies, an ogre
zombie, a goblin skeleton and a hobgoblin skeleton.

Vanquished Creatures
  3 two-headed ogres
  An orc sorcerer (D:10)
  Prince Ribbit (D:8)
  A hippogriff (D:10)
  2 wyverns
  10 yaks
  A hog (D:8)
  A human (D:8)
  Grum (D:8)
  The ghost of NoAnimeNoLife the Cruncher, an amateur MiGl (D:3)
  A steam dragon (D:8)
  4 hungry ghosts
  A two-headed ogre zombie (D:10)
  A water moccasin (D:8)
  2 black bears
  2 sky beasts
  4 orc warriors
  An ice beast (D:9)
  2 phantoms
  3 wolves (D:8)
  3 ogres
  2 centaurs
  A crocodile (D:10)
  2 bullfrogs
  A troll zombie (D:10)
  2 scorpions (D:6)
  8 wights
  3 howler monkeys
  8 crimson imps
  A bullfrog zombie (D:6)
  6 hounds
  6 orc priests
  A bullfrog skeleton (D:10)
  2 jellies
  A centaur skeleton (D:7)
  Jessica (D:3)
  13 orc wizards
  Natasha (thrice) (D:3)
  9 worker ants
  A big kobold zombie (Ossuary)
  3 ogre zombies (D:10)
  A hound zombie (D:6)
  A hound skeleton (D:6)
  8 mummies (Ossuary)
  A howler monkey zombie (D:6)
  A gnoll (D:5)
  2 worker ant zombies
  12 adders
  2 shadow imps
  12 oozes
  An adder skeleton (D:4)
  3 worms
  4 dart slugs
  4 leopard geckos
  41 orcs
  4 giant cockroaches
  2 gnoll zombies (Ossuary)
  7 goblins
  5 hobgoblins
  5 jackals
  14 kobolds
  6 quokkas
  3 bats
  5 frilled lizards
  3 goblin skeletons (D:10)
  A goblin zombie (D:10)
  A hobgoblin zombie (Ossuary)
  A jackal zombie (D:5)
  2 kobold zombies (Ossuary)
  2 leopard gecko skeletons (D:5)
  3 orc skeletons (D:10)
  12 orc zombies
  4 rats
293 creatures vanquished.

Vanquished Creatures (others)
  7 toadstools (D:4)
7 creatures vanquished.

Grand Total: 300 creatures vanquished

Notes
Turn   | Place    | Note
-------+----------+-------------------------------------------
     0 | D:1      | NoAnimeNoLife the Minotaur Gladiator began the quest for the Orb.
     0 | D:1      | Reached XP level 1. HP: 18/18 MP: 0/0
    35 | D:1      | Reached skill level 4 in Staves
   171 | D:1      | Reached XP level 2. HP: 25/25 MP: 1/1
   667 | D:1      | Reached skill level 5 in Staves
   865 | D:1      | Reached XP level 3. HP: 30/30 MP: 2/2
   976 | D:2      | Found a faded altar of an unknown god.
  1325 | D:3      | Noticed Natasha
  1332 | D:3      | Killed Natasha
  1332 | D:3      | Reached skill level 6 in Staves
  1332 | D:3      | Reached XP level 4. HP: 12/37 MP: 3/3
  1510 | D:3      | Noticed Natasha
  1549 | D:3      | Killed Natasha
  1803 | D:3      | Noticed Jessica
  1809 | D:3      | Killed Jessica
  1809 | D:3      | Reached skill level 7 in Staves
  1809 | D:3      | Reached XP level 5. HP: 42/42 MP: 4/4
  1840 | D:3      | Noticed NoAnimeNoLife's ghost (amateur MiGl)
  1841 | D:3      | Noticed Natasha
  1853 | D:3      | Killed NoAnimeNoLife's ghost
  1853 | D:3      | Reached skill level 8 in Staves
  1853 | D:3      | Reached XP level 6. HP: 23/50 MP: 5/5
  1858 | D:3      | Killed Natasha
  2635 | D:4      | Reached skill level 9 in Staves
  3071 | D:4      | Reached XP level 7. HP: 35/56 MP: 6/6
  3198 | D:4      | Found a sand-covered staircase.
  3205 | Ossuary  | Entered an ossuary
  3258 | Ossuary  | Reached skill level 10 in Staves
  4134 | D:5      | Entered Level 5 of the Dungeon
  4161 | D:5      | Reached skill level 11 in Staves
  4344 | D:5      | Reached XP level 8. HP: 38/62 MP: 7/7
  4407 | D:5      | Gained mutation: Your spells are a little harder to cast, but a little more powerful. [potion of mutation]
  4407 | D:5      | Gained mutation: You have an increased reservoir of magic. (+10% MP) [potion of mutation]
  4407 | D:5      | Gained mutation: You passively map a small area around you. [potion of mutation]
  4643 | D:5      | Reached skill level 12 in Staves
  4857 | D:5      | Found a staircase to the Ecumenical Temple.
  5004 | D:5      | Found an opulent altar of Gozag.
  5303 | Temple   | Entered the Ecumenical Temple
  5406 | Temple   | Became a worshipper of Warmaster Okawaru
  5626 | D:6      | Reached skill level 13 in Staves
  5955 | D:6      | Reached * piety under Okawaru
  5955 | D:6      | Reached XP level 9. HP: 49/68 MP: 8/8
  6079 | D:6      | Reached skill level 14 in Staves
  6818 | D:7      | Reached ** piety under Okawaru
  6828 | D:7      | Reached skill level 15 in Staves
  7559 | D:8      | Found a glowing golden altar of the Shining One.
  7659 | D:8      | Found Xyafywne's Armour Boutique.
  7841 | D:8      | Noticed Grum
  7875 | D:8      | Reached skill level 16 in Staves
  7890 | D:8      | Killed Grum
  7892 | D:8      | Reached *** piety under Okawaru
  8046 | D:8      | Noticed a two-headed ogre
  8062 | D:8      | Killed a two-headed ogre
  8062 | D:8      | Reached XP level 10. HP: 38/74 MP: 10/10
  8079 | D:8      | Bought the scarf of Romuqar {+Inv rElec rPois} for 392 gold pieces
  8164 | D:8      | Noticed Prince Ribbit
  8192 | D:8      | Killed Prince Ribbit
  8206 | D:8      | Reached **** piety under Okawaru
  8206 | D:8      | Reached skill level 17 in Staves
  8443 | D:8      | Noticed a two-headed ogre
  8468 | D:8      | Killed a two-headed ogre
  8551 | D:8      | Reached skill level 18 in Staves
  8803 | D:8      | Reached ***** piety under Okawaru
  9052 | D:9      | Noticed a two-headed ogre
  9558 | D:9      | Killed a two-headed ogre
  9558 | D:9      | Reached XP level 11. HP: 41/80 MP: 8/11
  9941 | D:9      | Found a sparkling altar of Nemelex Xobeh.
 10101 | D:10     | Entered Level 10 of the Dungeon
 10208 | D:10     | Reached skill level 19 in Staves
 10548 | D:10     | Found a portal to a secret trove of treasure.
 10904 | D:10     | Found a staircase to the Orcish Mines.
 10904 | D:10     | Noticed an orc sorcerer
 10939 | D:10     | Noticed a sixfirhy
 10989 | D:10     | Killed an orc sorcerer
 10989 | D:10     | Reached skill level 1 in Armour
 10997 | D:10     | Reached skill level 1 in Invocations
 11071 | D:10     | HP: 3/82 [orc priest (2)]
 11084 | D:10     | Killed from afar by an orc priest

Skill      XL: |  1  2  3  4  5  6  7  8  9 10 11 |
---------------+----------------------------------+-----
Staves         | 4 5 6 7 8 9 11 13 16 18 19 | 19.3
Armour         | 1 |  1.4
Invocations    | 1 |  1.1
Fighting       | 3 |  3.2
Throwing       | |  2.0
Dodging        | |  3.5

Action                   |  1- 3 |  4- 6 |  7- 9 | 10-12 || total
-------------------------+-------+-------+-------+-------++-------
Melee: Quarterstaff      |    79 |   102 |   497 |   402 ||  1080
       Headbutt          |     7 |    12 |    96 |    83 ||   198
Throw: Throwing net      |       |       |     2 |       ||     2
Invok: Heroism           |       |       |     1 |     3 ||     4
  Use: Potion            |       |     2 |    11 |     6 ||    19
       Scroll            |       |     3 |     3 |     1 ||     7
 Stab: Held in net/web   |       |       |     1 |       ||     1
  Eat: Chunk             |     1 |     5 |     7 |    11 ||    24
       Meat ration       |       |       |     1 |     2 ||     3
       Royal jelly       |       |       |     2 |     1 ||     3
       Fruit             |       |       |     1 |       ||     1
       Bread ration      |       |       |       |     1 ||     1
Armor: Leather armour    |    19 |     5 |       |       ||    24
       Skin              |       |    16 |     3 |       ||    19
       Plate armour      |       |    15 |   205 |   157 ||   377
Dodge: Dodged            |    51 |    29 |   111 |    92 ||   283
